AoeStats
← Mihai11003Dan

MegaRandom

510258762Analyzed
2v2 RM · 21h ago on Sep 30, 2026· 90m 41s· 4 players
Game mode
Random Map
Map size
Medium (4 player)
Population
200
Speed
Normal
Resources
Standard
Victory
Conquest
Starting age
Dark Age
Ending age
Imperial Age
RankedLock teamsTeams togetherTeam positionsShared explorationLock speedFull tech treeHidden civsTurbo modeCheats
Victory
Defeat
🇨🇳 Wei · China
832
+16
🇨🇳 Khitans · China
811
+17
🇷🇺 Bohemians · Russia
852
-18
🇷🇴 Mongols · Romania
804
-15
猫猫儿W
13:44 Feudal Age
15:56 Double-Bit Axe
19:41 Castle Age
19:18 Domestication
22:28 Wheelbarrow
22:39 Bow Saw
22:31 Town Watch
22:33 Loom
24:10 Hand Cart
23:56 Town Patrol
24:08 Gold Mining
24:10 Stone Mining
24:29 Squires
24:17 Gambesons
25:00 Medium Warships
26:53 Stone Shaft Mining
26:26 Pastoralism
27:03 Fishing Lines
29:37 Lamellar Armor
29:18 Man-at-Arms
29:19 Pikeman
29:51 Arson
34:22 Imperial Age
32:41 Scale Barding Armor
32:48 Forging
32:45 Caravan
33:02 Gillnets
33:10 Long Swordsman
34:23 Chain Barding Armor
35:57 Conscription
35:47 Ordo Cavalry
36:00 Scale Mail Armor
37:34 Two-Man Saw
35:57 Two-Handed Swordsman
37:05 Chain Mail Armor
37:25 Iron Casting
37:59 Plate Barding Armor
37:14 Fletching
37:25 Padded Archer Armor
38:49 Husbandry
39:24 Plate Mail Armor
42:15 Capped Ram
42:35 Light Cavalry
45:27 Bodkin Arrow
45:57 Ballistics
45:23 Treadmill Crane
45:57 Siege Ram
46:46 Elite Fire Lancer
46:50 Champion
47:07 Elite Fire Lancer
61:38 Masonry
66:13 Heavy Warships
66:56 Chemistry
Joshua
10:10 Loom
12:32 Feudal Age
12:59 Double-Bit Axe
16:05 Horse Collar
16:13 Fishing Lines
16:51 Gold Mining
21:56 Castle Age
22:40 Castle Age
22:04 Stone Mining
24:02 Stone Shaft Mining
24:04 Gold Shaft Mining
23:44 Bow Saw
23:36 Heavy Plow
28:38 Imperial Age
28:00 Fervor
29:21 Masonry
29:56 Wheelbarrow
29:58 Tuntian
31:09 Forging
31:55 Ming Guang Armor
32:54 Iron Casting
32:24 Scale Barding Armor
33:14 Crop Rotation
35:11 Blast Furnace
35:48 Chain Barding Armor
35:07 Elite Tiger Cavalry
36:55 Conscription
36:41 Town Watch
37:14 Hand Cart
37:17 Husbandry
36:38 Heavy Hei Guang Cavalry
38:45 Bloodlines
39:51 Hoardings
39:01 Treadmill Crane
40:22 Town Patrol
46:42 Parthian Tactics
46:22 Thumb Ring
46:20 Padded Archer Armor
46:10 Fletching
47:41 Leather Archer Armor
47:48 Ballistics
48:29 Chemistry
47:57 Bodkin Arrow
48:26 Capped Ram
49:44 Siege Ram
52:31 Ring Archer Armor
52:02 Bracer
62:07 Elite Skirmisher
65:44 Caravan
Mihai11003Dan
10:14 Feudal Age
10:41 Double-Bit Axe
11:08 Horse Collar
13:48 Wheelbarrow
19:16 Castle Age
23:20 Bow Saw
23:34 Stone Mining
23:59 Gold Mining
24:56 Heavy Plow
28:18 Stone Shaft Mining
28:18 Gold Shaft Mining
29:37 Hand Cart
29:52 Padded Archer Armor
29:43 Fletching
34:35 Leather Archer Armor
34:16 Bodkin Arrow
37:38 Imperial Age
37:53 Elite Mangudai
38:40 Bracer
38:16 Sappers
39:07 Conscription
39:18 Caravan
39:48 Coinage
39:11 Fishing Lines
42:38 Gillnets
44:15 Chemistry
43:35 Ballistics
44:08 Banking
43:48 Nomads
44:46 Forging
44:36 Scale Mail Armor
48:12 Onager
49:10 Masonry
49:11 Fortified Wall
48:57 Murder Holes
48:56 Heavy Scorpion
64:25 Man-at-Arms
64:26 Pikeman
65:06 Squires
67:13 Chain Mail Armor
67:33 Iron Casting
66:54 Arson
72:25 Blast Furnace
71:56 Plate Mail Armor
73:11 Elite Skirmisher
74:06 Thumb Ring
X-you
0:34 Loom
12:08 Feudal Age
15:05 Double-Bit Axe
15:03 Horse Collar
17:13 Wheelbarrow
22:12 Castle Age
23:37 Bow Saw
23:28 Heavy Plow
24:32 Hand Cart
33:17 Imperial Age
30:43 Pikeman
31:23 Squires
32:28 Scale Mail Armor
32:38 Forging
32:20 Fletching
34:32 Chemistry
33:53 Ballistics
33:40 Elite Hussite Wagon
34:07 Halberdier
35:50 Houfnice
38:51 Padded Archer Armor
38:47 Bodkin Arrow
39:08 Chain Mail Armor
39:29 Iron Casting
39:04 Elite Skirmisher
47:56 Leather Archer Armor
47:42 Bracer
48:13 Plate Mail Armor
48:44 Blast Furnace
54:06 Conscription
53:52 Wagenburg Tactics
62:12 Ring Archer Armor
Connection lost

Rejoining the realm…

Still unreachable

The connection could not be restored.

Session expired

The server has moved on; the page needs a fresh start.